 Dungeon Crawl Stone Soup version 0.28-a0-8-g6e044cfa68 (webtiles) character file.

Game seed: 14324419379319634374

963 avis the Insei (level 8, 0/54 HPs)
             Began as an Octopode Transmuter on July 24, 2021.
             Was an Initiate of Gozag.
             Slain by a lemure (3 damage)
             ... led by Pikel
             ... on level 5 of the Dungeon.
             The game lasted 00:38:36 (7963 turns).

avis the Insei (Octopode Transmuter)                Turns: 7963, Time: 00:38:37

Health: 0/54       AC:  1    Str: 12    XL:     8   Next: 15%
Magic:  10/11      EV: 13    Int: 15    God:    Gozag
Gold:   542        SH:  0    Dex: 12    Spells: 3/11 levels left

rFire   . . .      SeeInvis .     - Unarmed
rCold   . . .      Faith    .   (no shield)
rNeg    . . .      Spirit   .   (helmet currently unavailable)
rPois   .          Reflect  .   (no amulet)
rElec   .          Harm     .   (no ring)
rCorr   .          Rampage  .   (no ring)
Will    .....                   (no ring)
Stlth   +++.......              (no ring)
HPRegen 0.18/turn               (no ring)
MPRegen 0.12/turn               (no ring)
                                (no ring)
                                (no ring)

@: appendages
A: tentacle spike 3, almost no armour, amphibious, 8 rings, camouflage 1,
gelatinous body 1, (nimble swimmer 1), tentacles
a: End Transformation, Renounce Religion, Potion Petition, Call Merchant, Bribe
Branch


You were on level 5 of the Dungeon.
You worshipped Gozag.
Gozag was pleased with you.
One of your tentacles had grown a beastly spike.
You visited 1 branch of the dungeon, and saw 6 of its levels.

You collected 579 gold pieces.
You paid 37 gold pieces to Gozag.

Inventory:

Hand Weapons
 n - a +0 hunting sling
 w - a +3 scimitar of flaming
Missiles
 a - 51 bolts
 b - 82 arrows
 m - 37 stones
 o - a throwing net
 u - 6 poisoned darts
 x - 7 boomerangs
 y - 21 sling bullets
Jewellery
 j - a ring of fire
Wands
 v - a wand of paralysis (10)
Scrolls
 c - 2 scrolls of identify {unknown}
 f - a scroll of summoning {unknown}
 g - 2 scrolls of noise {unknown}
 k - a scroll of enchant armour {unknown}
 l - 2 scrolls of teleportation {unknown}
 p - 3 scrolls of immolation {unknown}
 q - a scroll of blinking {unknown}
 r - a scroll of fog {unknown}
 s - a scroll of enchant weapon {unknown}
 t - a scroll of amnesia {unknown}
Potions
 d - a potion of brilliance {unknown}
 e - 2 potions of curing {unknown}
 h - 2 potions of degeneration {unknown}
 i - 3 potions of flight {unknown}


   Skills:
 - Level 4.0 Fighting
 - Level 3.0 Dodging
 * Level 3.6 Stealth
 - Level 7.0 Unarmed Combat
 - Level 2.0 Spellcasting
 - Level 3.0 Transmutations
 - Level 2.0 Ice Magic
 - Level 2.0 Poison Magic


You had 3 spell levels left.
You knew the following spells:

 Your Spells              Type           Power      Damage    Failure   Level
a - Beastly Appendage     Tmut           20%        N/A       6%          1
p - Spider Form           Tmut/Pois      4%         N/A       24%         3
q - Ice Form              Ice/Tmut       9%         N/A       61%         4

Your spell library contained the following spells:

 Spells                   Type           Power      Damage    Failure   Level
 Wereblood                Tmut           10%        N/A       10%         2
 Animate Dead             Necr           0%         N/A       91%         4
 Haunt                    Necr/Summ      0%         N/A       100%        7
 Infestation              Necr           0%         N/A       100%        8


Dungeon Overview and Level Annotations

Branches:
Dungeon (6/15)             Temple (0/1) D:4

Altars:
Gozag
Trog

Annotations:
D:2 1 runed translucent door, exclusion: door, Crazy Yiuf
D:4 2 transporters
D:6 Pikel


Innate Abilities, Weirdness & Mutations

One of your tentacles has grown a beastly spike.
You cannot wear most types of armour.
You are amphibious.
You can wear up to eight rings at the same time.
Your skin changes colour to match your surroundings (Stealth+).
Your rubbery body absorbs attacks. (AC +1, EV +1)
((You are camouflaged near water. (Stealth+)))
You have tentacles for arms and can constrict up to eight enemies at once.


Message History

The lemure hits you!
* * * LOW HITPOINT WARNING * * *
The lemure hits you!
* * * LOW HITPOINT WARNING * * *
Your transformation is almost over.
Your magical contamination has completely faded away.
There is an open door here.
Your tentacle spike disappears.
Casting: Beastly Appendage (safe; 6% risk of failure)
Confirm with . or Enter, or press ? or * to list all spells.
One of your tentacles grows a vicious spike.
The lemure misses you.
You closely miss the lemure. Your grab misses the lemure.
Your tentacle spike misses the lemure.
You squeeze the lemure.
The lemure is lightly wounded.
The lemure misses you.
You tentacle-slap the lemure. You grab the lemure.
The lemure is moderately wounded.
You constrict the lemure, but do no damage.
The lemure hits you!
* * * LOW HITPOINT WARNING * * *
You tentacle-slap the lemure but do no damage.
You pierce the lemure, but do no damage.
You squeeze the lemure, but do no damage.
The lemure is moderately wounded.
You constrict the lemure. The lemure barely misses you.
You tentacle-slap the lemure. Your squeeze misses the lemure.
The lemure is moderately wounded.
You constrict the lemure. You tentacle-slap the lemure.
The lemure is severely wounded.
You constrict the lemure. The lemure hits you!
* * * LOW HITPOINT WARNING * * *
Aiming: Paralyse
Press: ? - help, Shift-Dir - straight line, f - lemure
Aim: a lemure (severely wounded, constricted by you, chance to affect: 46%)
The lemure resists with some effort.
You constrict the lemure. The lemure hits you.
You die...
Your body crumbles into a pile of gold.

....#......#....#
#############'########
.....................#
.....................#
.....................#
.....................#
########'#####+####'##
+...................#
#...............@5..#
###+###..######.##..#
##..###..######.##..#
.#...........#......#
.#...........#>.....#
.#..###'####'#########
.#..##..#............#
.#...#..+....)<......#
##..##..#....))......#


You could see a lemure.

Vanquished Creatures
  Grinder (D:4)
  An ogre (D:6)
  Blork the orc (D:4)
  2 scorpions
  A howler monkey (D:5)
  A bullfrog skeleton (D:4)
  A bullfrog zombie (D:5)
  2 orc priests
  A jelly (D:4)
  An orc wizard (D:3)
  2 iguanas
  A hound zombie (D:5)
  Robin (D:3)
  7 adders
  3 gnolls (D:2)
  An ufetubus (D:4)
  A worm zombie (D:5)
  3 worms
  A dart slug (D:2)
  16 orcs
  6 ball pythons
  4 endoplasms
  8 giant cockroaches
  11 hobgoblins
  6 jackals
  5 quokkas
  3 bats
  2 frilled lizards
  8 goblins
  A jackal zombie (D:5)
  4 kobolds
  11 rats
117 creatures vanquished.

Vanquished Creatures (others)
  A wizard (D:4)
  A fungus (D:2)
2 creatures vanquished.

Grand Total: 119 creatures vanquished

Notes
Turn   | Place    | Note
-------+----------+-------------------------------------------
     0 | D:1      | avis the Octopode Transmuter began the quest for the Orb.
     0 | D:1      | Reached XP level 1. HP: 13/13 MP: 3/3
    51 | D:1      | Reached skill level 1 in Stealth
   257 | D:1      | Found a faded altar of an unknown god.
   292 | D:1      | Reached XP level 2. HP: 17/18 MP: 3/5
   839 | D:1      | Reached skill level 1 in Poison Magic
  1109 | D:1      | Reached XP level 3. HP: 19/24 MP: 4/6
  1192 | D:1      | Learned a level 3 spell: Spider Form
  2489 | D:2      | Reached XP level 4. HP: 29/29 MP: 0/7
  2742 | D:2      | Reached skill level 4 in Unarmed Combat
  2852 | D:2      | Found a runed translucent door.
  2853 | D:2      | Noticed Crazy Yiuf
  3068 | D:3      | Reached XP level 5. HP: 34/36 MP: 8/8
  3107 | D:3      | Noticed Robin
  3400 | D:3      | Killed Robin
  4238 | D:3      | Found an opulent altar of Gozag.
  4243 | D:3      | Became a worshipper of Gozag Ym Sagoz the Greedy
  4341 | D:4      | Reached skill level 5 in Unarmed Combat
  4341 | D:4      | Reached XP level 6. HP: 40/42 MP: 7/9
  4499 | D:4      | Found a staircase to the Ecumenical Temple.
  4696 | D:4      | Found a transporter.
  4726 | D:4      | Found a transporter.
  5010 | D:4      | Learned a level 4 spell: Ice Form
  5132 | D:4      | Found a bloodstained altar of Trog.
  5135 | D:4      | Noticed a wizard
  5140 | D:4      | Killed a wizard
  5186 | D:4      | Noticed Grinder
  5442 | D:4      | Noticed Blork the orc
  5464 | D:4      | Killed Blork the orc
  5465 | D:4      | Reached skill level 1 in Ice Magic
  5465 | D:4      | Reached XP level 7. HP: 21/46 MP: 7/10
  5604 | D:4      | Paralysed by Grinder for 6 turns
  5617 | D:4      | Killed Grinder
  6310 | D:5      | Entered Level 5 of the Dungeon
  6431 | D:5      | Reached skill level 6 in Unarmed Combat
  6976 | D:5      | Found a sand-covered staircase.
  7485 | D:6      | Reached XP level 8. HP: 54/54 MP: 8/11
  7551 | D:5      | Reached skill level 7 in Unarmed Combat
  7842 | D:6      | Noticed Pikel
  7963 | D:5      | Slain by a lemure

Illustrated notes

Levels and vault maps discovered:
D:1:      dpeg_arrival_boxorama, layout_rooms, shapermc_ecumenical_altar_petra,
          minmay_rat_gold_closets
D:2:      layout_basic, uniq_crazy_yiuf_cottage
D:3:      layout_basic, mainiacjoe_overflow_alcove_2, portal_sewer_entry_b,
          uniq_robin
D:4:      gammafunk_steamed_eel, layout_cave_pods, trog_wizard,
          minmay_temple_entry_mini_moons, uniq_blork_the_orc, uniq_grinder
D:5:      layout_gridville, enter_ossuary_3
D:6:      layout_layer_cave, uniq_pikel

Skill      XL: |  1  2  3  4  5  6  7  8 |
---------------+-------------------------+-----
Stealth        | 2 3 |  3.6
Fighting       | 2 3 4 |  4.0
Poison Magic   | 1 2 |  2.0
Unarmed Combat | 4 5 6 7 |  7.0
Dodging        | 3 |  3.0
Transmutations | 3 |  3.0
Ice Magic      | 1 2 |  2.0
Spellcasting   | |  2.0

Action                   |  1- 3 |  4- 6 |  7- 9 || total
-------------------------+-------+-------+-------++-------
Melee: Unarmed           |    98 |   114 |    90 ||   302
       Constrict         |    22 |     5 |     5 ||    32
       Kick              |    23 |     6 |     2 ||    31
       Tentacles         |    11 |     4 |     5 ||    20
       Punch             |     1 |     1 |       ||     2
 Cast: Beastly Appendage |    32 |    15 |     3 ||    50
       Spider Form       |     2 |    19 |    18 ||    39
Evoke: Wand              |       |       |     3 ||     3
 Stab: Sleeping          |    13 |    11 |     2 ||    26
       Paralysed         |       |       |     4 ||     4
Armor: Skin              |     7 |     2 |     4 ||    13
Dodge: Dodged            |    49 |    73 |    62 ||   184

Table legend: (Time is in decaauts)
 A = Elapsed time spent in this place.
 B = Non-inter-level travel time spent in this place.
 C = Inter-level travel time spent in this place.
 D = Time resting spent in this place.
 E = Time spent auto-exploring this place.
 F = Levels seen in this place.
 G = Mean time per level.
                   A        B        C        D        E       F      G
               +--------+--------+--------+--------+--------+-----+--------+
         Total |   7949 |   7503 |    446 |   2390 |   3240 |   6 | 1324.8 |
       Dungeon |   7949 |   7503 |    446 |   2390 |   3240 |   6 | 1324.8 |
               +--------+--------+--------+--------+--------+-----+--------+

Top non-repeatable levels by time:
     D:4: 1944 daAuts
     D:1: 1583 daAuts
     D:2: 1525 daAuts
     D:3: 1334 daAuts
     D:5: 1296 daAuts
     D:6: 264 daAuts
